 Dungeon Crawl Stone Soup version 0.17-a0-1311-gbcbd859 (webtiles) character file.

74 Fluffy the Cudgeler (level 4, -1/28 HPs)
             Began as a Gargoyle Fighter on June 8, 2015.
             Slain by a gnoll
             ... wielding a +0 halberd
              (11 damage)
             ... on level 2 of the Dungeon.
             The game lasted 00:02:49 (1263 turns).

Fluffy the Cudgeler (Gargoyle Fighter)              Turns: 1263, Time: 00:02:49

Health: -1/28      AC: 11    Str: 20    XL:     4   Next: 28%
Magic:  4/4        EV:  7    Int:  8    God:
Gold:   63         SH:  9    Dex: 10    Spells: 0 memorised, 3 levels left

rFire  . . .     SeeInvis .     a - +0 flail
rCold  . . .     Clarity  .     b - +0 scale mail
rNeg   + . .     SustAt   .     c - +0 shield
rPois  ∞         Gourm    .     (no helmet)
rElec  +         Spirit   .     k - +0 cloak
rCorr  .         Warding  .     (no gloves)
rMut   .         Stasis   .     (no boots)
MR     .....                    (no amulet)
Stlth  ..........               (no ring)
                                (no ring)

@: not resistant to hostile enchantments, extremely unstealthy
A: negative energy resistance 1, electricity resistance, unbreathing,
petrification resistance, rot immunity, AC +3
a: no special abilities


You were on level 2 of the Dungeon.
You were hungry.

You visited 1 branch of the dungeon, and saw 2 of its levels.

You collected 63 gold pieces.

Inventory:

Hand weapons
 a - a +0 flail (weapon)
Armour
 b - a +0 scale mail (worn)
 c - a +0 shield (worn)
 k - a +0 cloak (worn)
Scrolls
 g - 2 scrolls of identify {unknown}
 h - a scroll of recharging {unknown}
 i - 2 scrolls of remove curse {unknown}
 j - a scroll of fog {unknown}
 n - a scroll of enchant weapon {unknown}
Potions
 d - a potion of might
 l - 2 potions of degeneration {unknown}
Comestibles
 e - 4 bread rations
 f - a beef jerky
 m - a meat ration
 o - 3 fruits


   Skills:
 - Level 3.2 Fighting
 + Level 4.4 Maces & Flails
 - Level 3.2 Armour
 - Level 3.2 Shields


You had 3 spell levels left.
You didn't know any spells.

Dungeon Overview and Level Annotations

Branches:
Dungeon (2/15)

Altars:


Innate Abilities, Weirdness & Mutations

You are resistant to torment.
Your stone body is resilient (AC +3).
You are immune to poison.
You resist negative energy.
You are resistant to electric shocks.
You can survive without breathing.
You are immune to petrification.
You are immune to rotting.


Message History

The gnoll throws a stone.
The stone hits you but does no damage.
You climb upwards.
There is a stone staircase leading down here.
You start resting.
You are feeling hungry.
You climb downwards.
There is a stone staircase leading up here.
You see here a stone.
The gnoll throws a stone.
The stone barely misses you.
The gnoll throws a stone.
The stone hits you.
You see here 2 stones.
The gnoll throws a stone.
The stone hits you.
You see here a stone.
The gnoll barely misses you.
You hit the gnoll but do no damage. The gnoll hits you with a halberd!
You closely miss the gnoll. The gnoll barely misses you.
You sock the gnoll!
The gnoll is heavily wounded.
The gnoll hits you with a halberd!
You die...

#.........########...## ######.
#.........# #####.....###>.....
###.........###(...........g####.
#..............<#................
#.#####.#######.....>..<.####....
#.# #.# ##(##.....## ##### #.#
##.# #(###...## # #.# #.[# #.#
##..## # #.# #.## #@# #...# #
#.####.# #g# #.#.# # #......# #.#
#.g.# # #####..# ######(# #.### #
#..# #......# #.# # #.g# #g######
#.# # #..####.# #.# # ##...#.#.#
#.# ##...g(.g.# ######.#


You could see a gnoll.

Vanquished Creatures
  2 gnolls (D:2)
  2 adders (D:2)
  3 bats (D:1)
  5 hobgoblins
  3 jackals (D:1)
  7 kobolds
  3 giant geckos
  4 giant newts (D:1)
  6 goblins
  3 rats
38 creatures vanquished.

Notes
Turn   | Place    | Note
--------------------------------------------------------------
     0 | D:1      | Fluffy the Gargoyle Fighter began the quest for the Orb.
     0 | D:1      | Reached XP level 1. HP: 14/14 MP: 1/1
   122 | D:1      | Reached XP level 2. HP: 13/19 MP: 2/2
   507 | D:1      | Reached XP level 3. HP: 23/23 MP: 3/3
   758 | D:2      | Reached skill level 4 in Maces & Flails
  1035 | D:2      | Reached XP level 4. HP: 3/28 MP: 4/4
  1035 | D:2      | HP: 1/28 [gnoll/spear (2)]
  1263 | D:2      | Slain by a gnoll

Vault maps used:
D:1:      grunt_arrival_crossed_arrows
D:2:      uniq_terence

Action                   |  1- 3 |  4- 6 || total
-------------------------+-------+-------++-------
Melee: Flail             |   155 |     7 ||   162
  Eat: Chunk             |     1 |       ||     1
